 Dungeon Crawl Stone Soup version 0.21.1-1-g345015fe64 (webtiles) character file.

310 Oravi the Insei (level 6, -3/43 HPs)
             Began as a Merfolk Transmuter on Apr 16, 2018.
             Slain by an iguana (13 damage)
             ... on level 4 of the Dungeon.
             The game lasted 00:09:17 (3260 turns).

Oravi the Insei (Merfolk Transmuter)                Turns: 3260, Time: 00:09:17

Health: -3/43      AC:  3    Str: 11    XL:     6   Next: 41%
Magic:  4/9        EV: 14    Int: 14    God:
Gold:   132        SH:  0    Dex: 14    Spells: 4/9 levels left

rFire    . . .     SeeInvis .     - Unarmed
rCold    . . .     Gourm    .   (no shield)
rNeg     . . .     Faith    .   b - +0 robe
rPois    .         Spirit   .   (no helmet)
rElec    .         Reflect  .   (no cloak)
rCorr    .         Harm     .   e - +0 pair of gloves
MR       .....                  (no boots)
Stlth    +.........             (no amulet)
HPRegen  0.14/turn              (no ring)
MPRegen  0.11/turn              (no ring)

@: very slightly contaminated
A: change form in water, swift swim, stealthy swim, mutation resistance 1, no
potion heal 1
a: no special abilities


You were on level 4 of the Dungeon.
You were not hungry.

You visited 1 branch of the dungeon, and saw 4 of its levels.

You collected 132 gold pieces.

Inventory:

Missiles
 a - 64 arrows
Armour
 b - a +0 robe (worn)
 e - a +0 pair of gloves (worn)
Scrolls
 g - a scroll of identify
 m - a scroll of remove curse
Potions
 h - a potion of curing
 i - a potion of brilliance
 k - a potion of heal wounds
Books
 c - a book of Changes

   Spells                             Type                      Level
   a - Beastly Appendage              Transmutation                1
   b - Sticks to Snakes               Transmutation                2
   c - Spider Form                    Transmutation/Poison         3
   d - Ice Form                       Ice/Transmutation            4
   e - Blade Hands                    Transmutation                5
Comestibles
 d - 6 rations
 f - 5 chunks of flesh


   Skills:
 + Level 1.2 Fighting
 + Level 3.7 Dodging
 + Level 5.3 Unarmed Combat
 - Level 2.0 Spellcasting
 * Level 5.3 Transmutations
 * Level 2.6 Poison Magic


You had 4 spell levels left.
You knew the following spells:

 Your Spells              Type           Power        Failure   Level  Hunger
b - Sticks to Snakes      Tmut           ###.....     4%          2    ###....
c - Spider Form           Tmut/Pois      ##........   14%         3    ####...


Dungeon Overview and Level Annotations

Branches:
Dungeon (4/15)
 Temple: D:4-7

Altars:
Dithmenos
Ru
Uskayaw
The Shining One

Annotations:
D:4 Natasha


Innate Abilities, Weirdness & Mutations

You revert to your normal form in water.
You are very nimble and swift while swimming.
You are very stealthy in the water. (Stealth+)
You are somewhat resistant to further mutation.
Potions are less effective at restoring your health.


Message History

The orc wizard is healed somewhat.
Natasha, Servant of Life and Death comes into view.
Natasha wildly gestures.
Natasha shimmers violently.
Natasha, Servant of Life and Death comes into view.
The orc priest calls upon Beogh to heal the orc wizard.
The orc wizard is healed somewhat.
The iguana misses you.
The orc wizard mumbles some strange words.
The orc wizard blinks!
Your transformation has ended.
Your +0 pair of gloves unmelds from your body.
Your +0 robe unmelds from your body.
The orc priest looks encouraged for a moment.
Casting: Spider Form
Confirm with . or Enter, or press ? or * to list all spells.
You miscast Spider Form.
You are very lightly contaminated with residual magic.
You feel a strange surge of energy! The iguana bites you!
You die...

...#####...
#$.#...#..#
#..#((.#...
#..#####.>#
+.........#
#..[._....#
#..........
#+###...#......
#.@lo...h......
###.o..##......
######..###.....
#........##....#
#............h##
#.......###.....
######..# #..$.>
#..###.##.
#....#.##


You could see an iguana, 2 orc priests and Natasha.

Vanquished Creatures
  A centaur (D:3)
  An orc wizard (D:3)
  Jessica (D:3)
  An iguana (D:3)
  A worker ant (D:2)
  5 adders
  An ooze (D:3)
  2 worms
  2 dart slugs (D:1)
  3 leopard geckos
  7 orcs
  7 bats
  A giant cockroach (D:3)
  4 goblins
  5 hobgoblins
  8 kobolds
  3 quokkas
  2 ball pythons
  5 frilled lizards
  8 rats
68 creatures vanquished.

Notes
Turn   | Place    | Note
-------+----------+-------------------------------------------
     0 | D:1      | Oravi the Merfolk Transmuter began the quest for the Orb.
     0 | D:1      | Reached XP level 1. HP: 15/15 MP: 3/3
   154 | D:1      | Reached XP level 2. HP: 14/21 MP: 5/5
   733 | D:1      | Reached XP level 3. HP: 25/26 MP: 4/6
   737 | D:1      | Learned a level 2 spell: Sticks to Snakes
   741 | D:1      | Learned a level 3 spell: Spider Form
  1085 | D:2      | Found a glowing golden altar of the Shining One.
  1399 | D:2      | Reached XP level 4. HP: 27/32 MP: 1/7
  1495 | D:2      | Found a sacrificial altar of Ru.
  1997 | D:2      | Gained mutation: Your system is resistant to poisons. (rPois) [potion of mutation]
  1997 | D:2      | Gained mutation: Potions are less effective at restoring your health. [potion of mutation]
  1997 | D:2      | Gained mutation: Your mind is acute. (Int +2) [potion of mutation]
  2241 | D:3      | Reached skill level 1 in Poison Magic
  2337 | D:3      | Reached XP level 5. HP: 37/37 MP: 4/8
  2408 | D:3      | Noticed a centaur
  2416 | D:3      | Killed a centaur
  2416 | D:3      | Reached skill level 5 in Unarmed Combat
  2603 | D:3      | Reached XP level 6. HP: 37/43 MP: 4/9
  2616 | D:3      | Reached skill level 5 in Transmutations
  3067 | D:3      | Noticed Jessica
  3071 | D:3      | Killed Jessica
  3120 | D:3      | Found a shadowy altar of Dithmenos.
  3215 | D:4      | Lost mutation: Your system is resistant to poisons. (rPois) [potion of mutation]
  3215 | D:4      | Lost mutation: Your mind is acute. (Int +2) [potion of mutation]
  3215 | D:4      | Gained mutation: You are somewhat resistant to further mutation. [potion of mutation]
  3231 | D:4      | Found a hide-covered altar of Uskayaw.
  3241 | D:4      | Noticed a hand axe
  3242 | D:4      | Noticed a dagger
  3256 | D:4      | Noticed Natasha
  3260 | D:4      | Slain by an iguana

Skill      XL: |  1  2  3  4  5  6 |
---------------+-------------------+-----
Transmutations | 3 4 5 |  5.3
Unarmed Combat | 4 5 |  5.3
Dodging        | 3 |  3.7
Poison Magic   | 1 2 |  2.6
Fighting       | |  1.2
Spellcasting   | |  2.0

Action                   |  1- 3 |  4- 6 || total
-------------------------+-------+-------++-------
Melee: Unarmed           |    89 |   102 ||   191
       Headbutt          |     7 |     5 ||    12
 Cast: Beastly Appendage |    16 |     3 ||    19
       Spider Form       |     4 |    23 ||    27
  Use: Potion            |     1 |     3 ||     4
       Scroll            |       |     9 ||     9
 Stab: Sleeping          |       |     2 ||     2
  Eat: Chunk             |     3 |     9 ||    12
Armor: Robe              |    16 |     6 ||    22
       Skin              |       |     3 ||     3
Dodge: Dodged            |    82 |    80 ||   162
